 Dungeon Crawl Stone Soup version 0.28.0-47-ge53b351184 (webtiles) character file.

Game seed: 3249823153251196047

900 NinjaNoafa the Skirmisher (level 7, -2/61 HPs)
             Began as a Minotaur Monk on May 2, 2022.
             Slain by Edmund
             ... wielding a +6 flail of holy wrath
              (10 damage)
             ... on level 5 of the Dungeon.
             The game lasted 00:07:07 (4185 turns).

NinjaNoafa the Skirmisher (Minotaur Monk)           Turns: 4185, Time: 00:07:08

Health: -2/61      AC: 13    Str: 17    XL:     7   Next: 79%
Magic:  0/9        EV:  6    Int:  7    God:
Gold:   111        SH:  0    Dex: 13    Spells: 11/11 levels left

rFire   . . .      SeeInvis +   l - +4 quarterstaff
rCold   . . .      Faith    .   (shield currently unavailable)
rNeg    . . .      Spirit   +   i - +0 plate armour
rPois   .          Reflect  .   (helmet restricted)
rElec   .          Harm     .   h - +0 cloak
rCorr   .          Rampage  .   (no gloves)
Will    +....                   (no boots)
Stlth   ..........              e - amulet of guardian spirit
HPRegen 0.20/turn               d - ring of willpower
MPRegen 0.11/turn               a - ring of see invisible

@: no status effects
A: horns 2, retaliatory headbutt
a: no special abilities


You were on level 5 of the Dungeon.
You visited 1 branch of the dungeon, and saw 7 of its levels.

You collected 111 gold pieces.

Inventory:

Hand Weapons
 l - a +4 quarterstaff (weapon)
Missiles
 b - 3 boomerangs
 f - a throwing net
 g - 4 poisoned darts (quivered)
Armour
 h - a +0 cloak (worn)
 i - a +0 plate armour (worn)
Jewellery
 a - a ring of see invisible (right hand)
 c - a ring of ice
 d - a ring of willpower (left hand)
 e - an amulet of guardian spirit (around neck)
Potions
 k - a potion of curing


   Skills:
 - Level 5.5 Fighting
 - Level 1.8(3.2) Short Blades
 - Level 4.6(4.8) Long Blades
 - Level 5.1 Staves
 - Level 5.0 Armour
 - Level 3.2 Dodging
 - Level 1.5 Stealth
 + Level 2.6 Spellcasting


You had 11 spell levels left.
You didn't know any spells.
Your spell library contained the following spells:

 Spells                   Type           Power      Damage    Failure   Level
 Ensorcelled Hibernation  Hex/Ice        0%         N/A       100%        2
 Passwall                 Tmut/Erth      0%         N/A       100%        2
 Sublimation of Blood     Necr           0%         N/A       100%        2
 Wereblood                Tmut           0%         N/A       100%        2
 Conjure Flame            Conj/Fire      0%         6-21      100%        3
 Ignite Poison            Fire/Tmut/Pois 0%         N/A       100%        3
 Swiftness                Air            0%         N/A       100%        3
 Sticky Flame             Conj/Fire      0%         2d3       100%        4
 Summon Hydra             Summ           0%         N/A       100%        7


Dungeon Overview and Level Annotations

Branches:
Dungeon (7/15)
 Temple: D:4-7

Altars:
Uskayaw

Shops:
D:4 **

Annotations:
D:4 Grinder
D:5 Edmund, Prince Ribbit


Innate Abilities, Weirdness & Mutations

You have a pair of horns on your head.
You reflexively headbutt those who attack you in melee.


Message History

As you read the scroll labelled USTREOXZOR, it crumbles to dust.
It is a scroll of amnesia.
You feel forgetful for a moment.
You miss Prince Ribbit.
Prince Ribbit hits you but does no damage.
Prince Ribbit hits you.
You hit Prince Ribbit.
Prince Ribbit is lightly wounded.
Edmund drinks a potion.
Edmund seems to speed up.
Prince Ribbit hits you!
You closely miss Prince Ribbit.
Prince Ribbit is lightly wounded.
Prince Ribbit hits you but does no damage.
Edmund barely misses you.
Prince Ribbit blinks!
You sock Edmund!
Edmund is moderately wounded.
Edmund hits you with a +6 flail of holy wrath.
You hit Edmund. Your headbutt misses Edmund.
Edmund is heavily wounded.
Edmund hits you with a +6 flail of holy wrath.
Edmund hits you with a +6 flail of holy wrath!
You barely miss Edmund.
Edmund is heavily wounded.
Edmund hits you with a +6 flail of holy wrath!
Edmund hits you with a +6 flail of holy wrath.
You barely miss Edmund.
Edmund is heavily wounded.
Prince Ribbit hits you!
* * * LOW HITPOINT WARNING * * *
Edmund hits you with a +6 flail of holy wrath!
* * * LOW HITPOINT WARNING * * *
Prince Ribbit blinks!
You aren't carrying any scrolls.
You barely miss Edmund.
Edmund is heavily wounded.
Edmund barely misses you. You furiously retaliate!
You headbutt Edmund!
Edmund hits you with a +6 flail of holy wrath.
* * * LOW HITPOINT WARNING * * *
Prince Ribbit blinks!
Edmund hits you with a +6 flail of holy wrath!
You die...

......#..##........
#..####............
#....#.........##.
###..............#
..#...##.[.....##..
.................
..
..........#.....# .
.......#.###....#
)......#@.###.[..
..<....@...# ##..
#.......##.# #.
##..)..?.....#
#..........##
#.........###
#.........#
####......#
#.....##


You could see Edmund (fast).

Vanquished Creatures
  A black bear (D:4)
  2 ogres
  A phantom (D:5)
  A jelly (D:6)
  A hound (D:4)
  6 orc priests
  A bullfrog skeleton (D:4)
  Terence (D:3)
  An orc wizard (D:4)
  3 gnolls (D:4)
  2 adders (D:3)
  A shadow imp (D:6)
  An ufetubus (D:4)
  2 adder skeletons (D:4)
  3 worms
  7 dart slugs
  7 orcs
  5 endoplasms
  2 giant cockroaches
  11 goblins
  6 hobgoblins
  2 jackals (D:1)
  3 quokkas
  5 ball pythons
  4 bats
  4 frilled lizards
  9 kobolds
  6 rats
98 creatures vanquished.

Vanquished Creatures (collateral kills)
  An ogre (D:4)
1 creature vanquished.

Grand Total: 99 creatures vanquished

Notes
Turn   | Place    | Note
-------+----------+-------------------------------------------
     0 | D:1      | NinjaNoafa the Minotaur Monk began the quest for the Orb.
     0 | D:1      | Reached XP level 1. HP: 19/19 MP: 0/0
   115 | D:1      | Reached skill level 1 in Armour
   193 | D:1      | Reached XP level 2. HP: 22/27 MP: 1/1
   397 | D:1      | Found a faded altar of an unknown god.
   927 | D:1      | Reached XP level 3. HP: 33/33 MP: 2/2
  1603 | D:2      | Found a hide-covered altar of Uskayaw.
  1902 | D:2      | Reached XP level 4. HP: 41/41 MP: 3/3
  2159 | D:3      | Reached XP level 5. HP: 28/47 MP: 4/4
  2381 | D:3      | Noticed Terence
  2389 | D:3      | Killed Terence
  2518 | D:3      | Reached skill level 1 in Short Blades
  2777 | D:3      | Reached skill level 5 in Fighting
  3124 | D:4      | Noticed an ogre
  3208 | D:4      | Found Azomaih's Elemental Accessories.
  3225 | D:4      | Noticed an ogre
  3227 | D:4      | Reached skill level 1 in Staves
  3230 | D:4      | Killed an ogre
  3231 | D:4      | Reached XP level 6. HP: 53/56 MP: 5/5
  3762 | D:4      | Reached XP level 7. HP: 58/61 MP: 6/6
  3774 | D:4      | Reached skill level 5 in Staves
  3777 | D:4      | Reached skill level 5 in Armour
  3951 | D:4      | Found Adduuhur's Assorted Antiques.
  3982 | D:4      | Noticed Grinder
  4076 | D:4      | Reached skill level 1 in Spellcasting
  4094 | D:4      | You fall into a shaft and drop 3 floors!
  4141 | D:5      | Entered Level 5 of the Dungeon
  4170 | D:5      | Noticed Prince Ribbit
  4173 | D:5      | Noticed Edmund
  4185 | D:5      | Slain by Edmund

Illustrated notes

Levels and vault maps discovered:
D:1:      minmay_arrival_up_and_down, layout_loops_ring,
          hellmonk_ecumenical_altar_crossroads, kennysheep_crisscross
D:2:      minmay_alternating_diamond, layout_basic, basic_altar
D:3:      layout_loops_ring, uniq_terence
D:4:      layout_cave_pools, serial_shops,
          nicolae_shop_temple_entry_statues_fountains, nicolae_elemental_shop,
          uniq_grinder
D:5:      layout_cave_pools, chequers_temple_overflow_statue_of_worship,
          mainiacjoe_overflow_surrounded_room, nicolae_ru_sacrificial_ziggurat,
          minmay_temple_entry_gardened_gates, uniq_ijyb, uniq_edmund,
          uniq_prince_ribbit1, uniq_blork_the_orc
D:6:      layout_loops_ring, gammafunk_ghost_split, gup_sewer_entry_bowl
D:7:      layout_cave_pods, old_standard_altar, nicolae_ashenzari_skybound

Skill      XL: |  1  2  3  4  5  6  7 |
---------------+----------------------+-----
Armour         | 1 2 3 4 5 |  5.0
Fighting       | 4 5 |  5.5
Long Blades    | 4 |  4.6
Short Blades   | 1 |  1.8
Staves         | 3 4 5 |  5.1
Spellcasting   | 2 |  2.6
Dodging        | |  3.2
Stealth        | |  1.5

Action                   |  1- 3 |  4- 6 |  7- 9 || total
-------------------------+-------+-------+-------++-------
Melee: Falchion          |    66 |       |       ||    66
       Headbutt          |    10 |    18 |     2 ||    30
       Long sword        |    39 |    36 |       ||    75
       Punch             |     1 |       |       ||     1
       Dagger            |       |    42 |       ||    42
       Quarterstaff      |       |    34 |    37 ||    71
Throw: Dart              |     2 |     7 |       ||     9
  Use: Potion            |       |     3 |     2 ||     5
       Scroll            |       |     4 |     2 ||     6
 Stab: Sleeping          |     6 |       |       ||     6
Armor: Robe              |    19 |       |       ||    19
       Chain mail        |     7 |    66 |    21 ||    94
       Skin              |       |    14 |       ||    14
       Plate armour      |       |       |     4 ||     4
Dodge: Dodged            |    57 |    35 |    16 ||   108
